 Dungeon Crawl Stone Soup version 0.29.1-13-g9f3cf754e1 (webtiles) character file.

Game seed: 671562313969480612

2278 cheesebisquit the Marksgargoyle (level 9, -11/48 HPs)
             Began as a Gargoyle Hunter on Jan 30, 2023.
             Mangled by Maggie
             ... wielding a +0 halberd of flaming
              (15 damage)
             ... on level 6 of the Dungeon.
             The game lasted 00:21:20 (7162 turns).

cheesebisquit the Marksgargoyle (Gargoyle Hunter)   Turns: 7162, Time: 00:21:21

Health: -11/48     AC: 13    Str: 14    XL:     9   Next: 39%
Magic:  0/9        EV: 11    Int: 11    God:
Gold:   386        SH:  0    Dex: 17    Spells: 8/8 levels left

rFire   . . .      SeeInvis .   a - +0 shortbow
rCold   . . .      Faith    .   (shield currently unavailable)
rNeg    + . .      Spirit   +   i - +0 ring mail
rPois   ∞          Reflect  .   r - +0 helmet
rElec   +          Harm     .   (no cloak)
rCorr   .          Rampage  .   (no gloves)
Will    +....                   y - +0 pair of boots
Stlth   +.........              x - amulet of guardian spirit
HPRegen 0.16/turn               o - ring of willpower
MPRegen 0.11/turn               (no ring)

@: about to teleport, mesmerised, hasted, very quick
A: sickness immunity, AC +6, negative energy resistance 1, electricity
resistance, torment resistance 1, petrification resistance
a: no special abilities


You were on level 6 of the Dungeon.
You visited 2 branches of the dungeon, and saw 7 of its levels.

You collected 386 gold pieces.

Inventory:

Hand Weapons
 a - a +0 shortbow (weapon)
Missiles
 j - 13 poisoned darts
Armour
 c - a +0 leather armour
 i - a +0 ring mail (worn)
 p - a +0 chain mail
 r - a +0 helmet (worn)
 w - a +2 robe of cold resistance
 y - a +0 pair of boots (worn)
Jewellery
 o - a ring of willpower (left hand)
 x - an amulet of guardian spirit (around neck)
Wands
 t - a wand of charming (3)
Scrolls
 b - 2 scrolls of immolation
 e - a scroll of brand weapon {unknown}
 f - a scroll of poison
 k - a scroll of fog {unknown}
 l - a scroll of teleportation
 m - a scroll of fear {unknown}
 q - a scroll of enchant weapon {unknown}
 s - a scroll of magic mapping {unknown}
 A - a scroll of amnesia {unknown}
Potions
 h - 2 potions of degeneration
 z - a potion of attraction


   Skills:
 - Level 2.2 Fighting
 + Level 15.7 Ranged Weapons
 - Level 1.5 Dodging
 - Level 1.1 Stealth


You had 8 spell levels left.
You didn't know any spells.
Your spell library contained the following spells:

 Spells                   Type           Power      Damage    Failure   Level
 Beastly Appendage        Tmut           0%         N/A       58%         1
 Freeze                   Ice            0%         1d3       58%         1
 Wereblood                Tmut           0%         N/A       73%         2
 Frozen Ramparts          Ice            0%         1d1       91%         3
 Spider Form              Tmut/Pois      0%         N/A       91%         3
 Hailstorm                Conj/Ice       0%         3d3       100%        4


Dungeon Overview and Level Annotations

Branches:
Dungeon (6/15)             Temple (1/1) D:4

Altars:
Ashenzari
Dithmenos
Elyvilon
Fedhas
Gozag
Kikubaaqudgha
Makhleb
Nemelex Xobeh
Okawaru
Qazlal
Ru
Sif Muna
Uskayaw
Yredelemnul
Zin
The Shining One

Annotations:
D:6 Maggie


Innate Abilities, Weirdness & Mutations

You are immune to sickness and miasma.
Your stone body is resilient. (AC +6)
You are immune to poison.
You resist negative energy. (rN+)
You are resistant to electric shocks. (rElec)
You are resistant to unholy torment.
You are immune to petrification.


Message History

Maggie hits you from afar with a +0 halberd of flaming.
Maggie burns you.
Okay, then.
The air fills with toxic fumes!
As you read the scroll of poison, it crumbles to dust.
Fire: a) +0 shortbow
Press: ? - help, Q - select action, (/) - cycle Shift-Dir - straight line, f/p - Maggie
Aim: Maggie, wielding a +0 halberd of flaming and wearing +0 acid dragon scales (heavily wounded, mesmerising, 68% to hit)
You shoot an arrow. The arrow hits Maggie.
Maggie is severely wounded.
The orc priest misses you.
Maggie hits you from afar with a +0 halberd of flaming!
Maggie burns you.
* * * LOW HITPOINT WARNING * * *
Fire: a) +0 shortbow
Press: ? - help, Q - select action, (/) - cycle Shift-Dir - straight line, f/p - Maggie
Aim: Maggie, wielding a +0 halberd of flaming and wearing +0 acid dragon scales (severely wounded, mesmerising, 68% to hit)
You shoot an arrow.
The arrow hits Maggie but does no damage.
Maggie is severely wounded.
Fire: a) +0 shortbow
Press: ? - help, Q - select action, (/) - cycle Shift-Dir - straight line, f/p - Maggie
Aim: Maggie, wielding a +0 halberd of flaming and wearing +0 acid dragon scales (severely wounded, mesmerising, 68% to hit)
You shoot an arrow. The arrow barely misses Maggie.
The orc priest invokes the aid of Beogh against you.
Beogh smites you!
* * * LOW HITPOINT WARNING * * *
Maggie barely misses you.
As you read the scroll labelled CAMNYS ZENIBBO, it crumbles to dust.
You hear a loud clanging noise!
It was a scroll of noise.
You hear an angry hiss.
You hear a shout!
You hear a bark!
Maggie hits you but does no damage.
The orc priest hits you but does no damage.
As you read the scroll labelled WEJAM CETROZA, it crumbles to dust.
You feel strangely unstable.
It was a scroll of teleportation.
The orc priest hits you with a +0 whip.
* * * LOW HITPOINT WARNING * * *
Maggie hits you from afar with a +0 halberd of flaming!
You die...

### ...
###.####################
.....§....##§§§§§§§§....
.....§§§..##§§§§§§§§....
.....§§§§§##@§§§§§§§....
.########§§§§@§.o..........
........§§§§§§§§§≈§§§§§....
###.#.#.§§≈§§§§§§..§§§§§... #
#.§.≈§§§§§§§§§§§§§... .
#..?§.§§§§§§§§§.§....# .
#...§.≈.§§≈.§.§.§§§..##.###.
......§.§§§§§?§§§§§§§.... ..55
#......§§§§≈§.§≈≈≈§§§...###o..


You could see Maggie (mesmerising) and an orc priest.

Vanquished Creatures
  Eustachio (D:5)
  Duvessa (D:4)
  2 ice beasts (D:5)
  An ogre (D:4)
  A bullfrog (D:5)
  2 scorpions
  Dowan (D:4)
  2 howler monkeys (D:5)
  2 orc priests
  A hound (D:6)
  An iguana (D:5)
  An orc wizard (D:3)
  3 gnolls (D:5)
  10 adders
  A white imp (D:5)
  2 worms
  6 orcs
  7 endoplasms
  3 giant cockroaches
  4 hobgoblins
  12 jackals
  5 quokkas
  10 ball pythons
  3 bats
  2 frilled lizards (D:2)
  4 goblins
  6 kobolds
  5 rats
99 creatures vanquished.

Notes
Turn   | Place    | Note
-------+----------+-------------------------------------------
     0 | D:1      | cheesebisquit the Gargoyle Hunter began the quest for the
                  | Orb.
     0 | D:1      | Reached XP level 1. HP: 12/12 MP: 1/1
   136 | D:1      | Reached XP level 2. HP: 13/17 MP: 2/2
  1049 | D:2      | Reached XP level 3. HP: 21/21 MP: 3/3
  1066 | D:2      | Reached skill level 5 in Ranged Weapons
  1867 | D:3      | Reached XP level 4. HP: 26/26 MP: 4/4
  1880 | D:3      | Reached skill level 6 in Ranged Weapons
  1894 | D:3      | Reached XP level 5. HP: 2/30 MP: 5/5
  2642 | D:3      | Found a shadowy altar of Dithmenos.
  3090 | D:4      | Reached skill level 7 in Ranged Weapons
  3090 | D:4      | Reached XP level 6. HP: 22/35 MP: 6/6
  3395 | D:4      | Found a staircase to the Ecumenical Temple.
  3403 | Temple   | Entered the Ecumenical Temple
  3403 | Temple   | Found a transporter.
  3403 | Temple   | Found a transporter.
  3405 | Temple   | Found a transporter.
  3405 | Temple   | Found a transporter.
  3488 | D:4      | Noticed Dowan
  3490 | D:4      | Noticed Duvessa
  3503 | D:4      | Killed Duvessa
  3504 | D:4      | Reached skill level 8 in Ranged Weapons
  3504 | D:4      | Reached XP level 7. HP: 40/40 MP: 7/7
  3538 | D:4      | Killed Dowan
  3925 | D:4      | Found a glowing silver altar of Zin.
  4092 | D:5      | Entered Level 5 of the Dungeon
  4322 | D:5      | Reached skill level 9 in Ranged Weapons
  4663 | D:5      | Reached XP level 8. HP: 44/44 MP: 8/8
  4669 | D:5      | Noticed an air elemental
  4679 | D:5      | Found a stormy altar of Qazlal.
  4682 | D:5      | Noticed a water elemental
  5362 | D:6      | Noticed Eustachio
  5362 | D:6      | Found an iron altar of Okawaru.
  5362 | D:6      | Found a broken altar of Ashenzari.
  5526 | D:6      | Reached skill level 10 in Ranged Weapons
  5532 | D:6      | Identified the +3 short sword "Ultimatum" {drain, rN+
                  | Str+4}
  5869 | D:6      | Noticed a wyvern
  6145 | D:5      | Found a stormy altar of Qazlal.
  6542 | D:5      | Killed Eustachio
  7125 | D:6      | Noticed Maggie
  7139 | D:6      | Reached skill level 15 in Ranged Weapons
  7139 | D:6      | Reached XP level 9. HP: 33/48 MP: 7/9
  7162 | D:6      | Mangled by Maggie

Illustrated notes

Levels and vault maps discovered:
D:1:      spicycebolla_arrival_transporter_tutorial, layout_basic,
          minmay_misc_feat_columns, minmay_close_crescents
D:2:      layout_loops_ring, kennysheep_flooded_box, lemuel_flame_loot_1
D:3:      layout_loops_ring, grunt_dithmenos_smoke_and_mirrors
D:4:      layout_basic, mainiacjoe_overflow_six_doors_small,
          minmay_temple_entry_junction, uniq_duvessa
D:5:      nicolae_cairo_tiling, layout_cave_pods,
          nicolae_qazlal_style_of_elements, serial_column_ruins,
          column_ruins_hut, column_ruins_grid_3, column_ruins_grid_3,
          column_ruins_open_tiny, dk_noncrumbling_4
D:6:      layout_basic, mainiacjoe_overflow_catwalk_spiral, minmay_manual_moon,
          uniq_pikel, uniq_eustachio, uniq_maggie
Temple:   hellmonk_temple_divided_pantheon

Skill      XL: |  1  2  3  4  5  6  7  8 |
---------------+-------------------------+-----
Ranged Weapons | 5 6 7 8 9 15 | 15.7
Fighting       | |  2.2
Dodging        | |  1.5
Stealth        | |  1.1

Action                   |  1- 3 |  4- 6 |  7- 9 || total
-------------------------+-------+-------+-------++-------
 Fire: Shortbow          |    92 |   191 |   241 ||   524
  Use: Potion            |       |     1 |     3 ||     4
       Scroll            |       |     1 |    10 ||    11
Armor: Leather armour    |    10 |       |       ||    10
       Ring mail         |     9 |    93 |   120 ||   222
Dodge: Dodged            |    24 |    91 |   117 ||   232
